AoeStats
← Zumoshi

Arabia

506429548Analyzed
1v1 RM · 20d ago on Sep 13, 2026· 40m 33s· 2 players
Game mode
Random Map
Map size
Tiny (2 player)
Population
200
Speed
Normal
Resources
Standard
Victory
Conquest
Starting age
Dark Age
Ending age
Imperial Age
RankedLock teamsTeams togetherTeam positionsShared explorationLock speedFull tech treeHidden civsTurbo modeCheats
Victory
Defeat
🇪🇸 Aztecs · Spain
1139
+16
🇮🇱 Magyars · Israel
1146
-16
joantoni94
6:54 Loom
9:29 Feudal Age
9:32 Man-at-Arms
15:59 Fletching
18:57 Double-Bit Axe
18:55 Horse Collar
23:49 Castle Age
21:59 Scale Mail Armor
22:20 Gold Mining
23:15 Arson
24:28 Eagle Warrior
25:32 Squires
26:19 Chain Mail Armor
28:26 Forging
31:41 Iron Casting
31:32 Crossbowman
33:16 Bodkin Arrow
34:37 Stone Mining
39:44 Imperial Age
37:50 Wheelbarrow
38:12 Ballistics
39:30 Padded Archer Armor
39:47 Arbalester
Zumoshi
7:09 Loom
9:30 Feudal Age
12:55 Double-Bit Axe
24:50 Castle Age
22:34 Horse Collar
23:35 Gold Mining
24:00 Bloodlines
24:45 Fletching
25:02 Padded Archer Armor
25:31 Scale Barding Armor
25:46 Husbandry
26:48 Light Cavalry
27:49 Bow Saw
28:52 Bodkin Arrow
31:30 Padded Archer Armor
36:18 Heavy Plow
36:57 Wheelbarrow
38:32 Leather Archer Armor
40:15 Thumb Ring
Connection lost

Rejoining the realm…

Still unreachable

The connection could not be restored.

Session expired

The server has moved on; the page needs a fresh start.